 Dungeon Crawl Stone Soup version 0.21-a0-64-g1c0f2e3 (webtiles) character file.

2715 Llamajah the Shield-Bearer (level 9, -6/71 HPs)
             Began as a Formicid Fighter on June 16, 2017.
             Was a Follower of Okawaru.
             Mangled by a two-headed ogre
             ... wielding a +0 giant club
              (18 damage)
             ... on level 8 of the Dungeon.
             The game lasted 00:20:07 (7830 turns).

Llamajah the Shield-Bearer (Formicid Fighter)       Turns: 7830, Time: 00:20:08

Health: -6/71      AC: 17    Str: 22    XL:     9   Next: 98%
Magic:  19/20      EV: 12    Int:  7    God:    Okawaru [*.....]
Gold:   407        SH:  9    Dex: 13    Spells: 8/8 levels left

rFire    . . .     SeeInvis +   a - +0 war axe
rCold    . . .     Gourm    .   o - +2 buckler
rNeg     . . .     Faith    .   B - +0 plate armour
rPois    .         Spirit   .   (helmet unavailable)
rElec    .         Reflect  .   (no cloak)
rCorr    .         Harm     .   (no gloves)
MR       .....                  J - +0 pair of boots
Stlth    ..........             (no amulet)
HPRegen  0.21/turn              F - ring of magical power (curse)
MPRegen  0.17/turn              v - +1 ring of protection

@: heroism
A: permanent stasis, dig shafts and tunnels, four strong arms, antennae 3
a: Dig, Shaft Self, Heroism, Renounce Religion


You were on level 8 of the Dungeon.
You worshipped Okawaru.
Okawaru was aware of your devotion.
You were not hungry.

You visited 2 branches of the dungeon, and saw 9 of its levels.

You collected 407 gold pieces.

Inventory:

Hand Weapons
 a - a +0 war axe (weapon)
Armour
 b - a +0 scale mail
 c - a +1 shield
 o - a +2 buckler (worn)
 B - a +0 plate armour (worn)
 J - a +0 pair of boots (worn)
Jewellery
 v - a +1 ring of protection (right hand)
 x - an uncursed ring of protection from fire
 F - a cursed ring of magical power (left hand)
Wands
 G - a wand of paralysis (10/24)
 I - a wand of flame (36/48)
Scrolls
 k - 7 scrolls of identify {unknown}
 l - 2 scrolls of enchant weapon {unknown}
 n - 4 scrolls of remove curse
 p - 4 scrolls of enchant armour
 q - 2 scrolls of recharging {unknown}
 r - 4 scrolls of amnesia {unknown}
 s - a scroll of immolation {unknown}
 A - a scroll of magic mapping {unknown}
 C - a scroll of blinking {unknown}
Potions
 d - a potion of degeneration {unknown}
 e - a potion of ambrosia {unknown}
 h - 2 potions of flight {unknown}
 i - a potion of resistance {unknown}
 t - a potion of mutation {unknown}
 u - a potion of invisibility {unknown}
 w - 2 potions of haste {unknown}
 z - a potion of heal wounds
 D - a potion of curing {unknown}
 K - a potion of magic {unknown}
Books
 y - a book of Frost

   Spells                             Type                      Level
   a - Freeze                         Ice                          1
   b - Throw Frost                    Conjuration/Ice              2
   c - Ozocubu's Armour               Charms/Ice                   3
   d - Throw Icicle                   Conjuration/Ice              4
   e - Summon Ice Beast               Ice/Summoning                4
 H - a book of Clouds

   Spells                             Type                      Level
   a - Poisonous Vapours              Poison/Air                   2
   b - Mephitic Cloud                 Conjuration/Poison/Air       3
   c - Conjure Flame                  Conjuration/Fire             3
   d - Freezing Cloud                 Conjuration/Ice/Air          6
   e - Ring of Flames                 Charms/Fire                  7
Comestibles
 f - 10 bread rations
 g - a fruit
 j - a royal jelly
 m - 2 meat rations
 E - 5 chunks of flesh


   Skills:
 + Level 6.5(11.5) Fighting
 + Level 5.4(10.4) Axes
 + Level 6.4(11.4) Armour
 * Level 6.6(11.6) Dodging
 + Level 7.2(12.2) Shields
 + Level 2.9 Invocations


You had 8 spell levels left.
You didn't know any spells.

Dungeon Overview and Level Annotations

Branches:
Dungeon (8/15)             Temple (1/1) D:5
   Lair: D:8-11

Altars:
Ashenzari
Cheibriados
Dithmenos
Elyvilon
Fedhas
Gozag
Hepliaklqana
Kikubaaqudgha
Makhleb
Nemelex Xobeh
Okawaru
Qazlal
Ru
Sif Muna
Trog
Uskayaw
Vehumet
Wu Jian
Xom
Yredelemnul
Zin
The Shining One

Shops:
D:8 [


Innate Abilities, Weirdness & Mutations

You cannot be hasted, slowed, berserked, paralysed or teleported.
You can dig through walls and to a lower floor.
Your four strong arms can wield two-handed weapons with a shield.
You have a pair of large antennae on your head. (SInv)


Message History

You barely miss the two-headed ogre.
The two-headed ogre is moderately wounded.
The two-headed ogre hits you with a giant club!
The two-headed ogre closely misses you.
You slash the two-headed ogre!
The two-headed ogre is heavily wounded.
The two-headed ogre barely misses you.
The two-headed ogre hits you with a giant club!
You completely miss the two-headed ogre.
The two-headed ogre is heavily wounded.
The two-headed ogre hits you but does no damage.
The two-headed ogre hits you with a giant club!
You hit the two-headed ogre.
The two-headed ogre is heavily wounded.
Your plate armour prevents you from hitting the two-headed ogre.
The two-headed ogre is heavily wounded.
The two-headed ogre hits you with a giant club!!
* * * LOW HITPOINT WARNING * * *
The two-headed ogre hits you with a giant club!!
You die...

#............##.#.#
#.................## #
##............##...#
#.#.....####..#......#
#
...........∩.......#..
#.##
###........#......#..
#.#.
#...........###.... {
... ##...(....##.#
###..
##.###..@.......#..#
#.. {
##......O......#....#
#..
##..............####..
..(
###...............#
...
#.................#
..................#
.##.........#######
#...$.....#
#.......?.#


You could see a two-headed ogre.

Vanquished Creatures
  Pikel (D:7)
  A spriggan (D:7)
  Eustachio (D:4)
  A human (D:2)
  A water moccasin (D:7)
  A slave (D:7)
  An ice beast (D:6)
  A sky beast (D:5)
  A centaur (D:6)
  4 bullfrogs
  6 scorpions
  A water moccasin skeleton (D:6)
  2 howler monkeys
  A centaur zombie (D:6)
  2 hounds
  A human zombie (D:2)
  A jelly (D:5)
  An orc priest (D:6)
  3 orc wizards
  3 iguanas
  5 worker ants
  A killer bee zombie (D:7)
  A hound skeleton (D:5)
  A howler monkey skeleton (D:5)
  2 worker ant zombies
  11 gnolls
  5 adders
  2 adder zombies
  An adder skeleton (D:5)
  3 worms
  2 dart slugs
  4 leopard geckos
  19 orcs
  10 bats
  11 giant cockroaches
  3 goblins
  4 hobgoblins
  7 jackals
  6 kobolds
  2 quokkas
  2 ball pythons (D:3)
  4 frilled lizards
  A quokka skeleton (D:5)
  A quokka zombie (D:7)
  4 rats
146 creatures vanquished.

Vanquished Creatures (others)
  Natasha (D:2)
  A shadow imp (D:7)
2 creatures vanquished.

Grand Total: 148 creatures vanquished

Notes
Turn   | Place    | Note
-------+----------+-------------------------------------------
     0 | D:1      | Llamajah the Formicid Fighter began the quest for the Orb.
     0 | D:1      | Reached XP level 1. HP: 18/18 MP: 1/1
    25 | D:1      | Reached XP level 2. HP: 19/24 MP: 2/2
   134 | D:1      | Reached skill level 1 in Dodging
   155 | D:1      | Reached XP level 3. HP: 28/29 MP: 3/3
   503 | D:2      | Found a glowing golden altar of the Shining One.
   605 | D:2      | Found a blossoming altar of Fedhas.
   873 | D:2      | Reached skill level 4 in Shields
   876 | D:2      | Found a runed door.
   876 | D:2      | Noticed a human
   877 | D:2      | Found a basalt altar of Yredelemnul.
   894 | D:2      | Reached XP level 4. HP: 36/36 MP: 4/4
   895 | D:2      | Noticed Natasha
   904 | D:2      | Killed Natasha
   919 | D:2      | Killed a human
   919 | D:2      | Reached XP level 5. HP: 37/42 MP: 5/5
   919 | D:2      | Reached XP level 6. HP: 43/48 MP: 6/6
  1057 | D:2      | Found a shimmering altar of Xom.
  2459 | D:4      | Noticed Eustachio
  2539 | D:4      | Killed Eustachio
  2539 | D:4      | Reached skill level 5 in Shields
  2539 | D:4      | Reached XP level 7. HP: 32/55 MP: 7/7
  2973 | D:4      | Found a radiant altar of Vehumet.
  3236 | D:4      | Found a shadowy altar of Dithmenos.
  3363 | D:5      | Entered Level 5 of the Dungeon
  3373 | D:5      | Reached XP level 8. HP: 54/61 MP: 8/8
  3392 | D:5      | Found a staircase to the Ecumenical Temple.
  3412 | Temple   | Entered the Ecumenical Temple
  3519 | Temple   | Became a worshipper of Warmaster Okawaru
  3979 | D:5      | Reached skill level 5 in Fighting
  4087 | D:5      | Found a sacrificial altar of Ru.
  4206 | D:5      | Found a sparkling altar of Nemelex Xobeh.
  4502 | D:5      | Found a faded altar of an unknown god.
  4502 | D:5      | Found a basalt altar of Yredelemnul.
  4543 | D:5      | Reached skill level 5 in Armour
  4556 | D:5      | Found a hazy altar of Hepliaklqana.
  4558 | D:5      | Found a white marble altar of Elyvilon.
  4560 | D:5      | Found a faded altar of an unknown god.
  4839 | D:6      | Reached skill level 5 in Dodging
  4903 | D:6      | Reached * piety under Okawaru
  5125 | D:6      | Reached skill level 6 in Shields
  5167 | D:7      | HP: 3/63 [killer bee zombie (6)]
  5803 | D:7      | Reached XP level 9. HP: 52/68 MP: 9/9
  6384 | D:7      | Noticed Pikel
  6400 | D:7      | Killed Pikel
  6400 | D:7      | Reached skill level 5 in Axes
  6400 | D:7      | Reached skill level 1 in Invocations
  6450 | D:6      | Found a snail-covered altar of Cheibriados.
  6882 | D:6      | Reached skill level 7 in Shields
  7140 | D:6      | Found a bloodstained altar of Trog.
  7140 | D:6      | Found a hide-covered altar of Uskayaw.
  7493 | D:7      | Reached ** piety under Okawaru
  7768 | D:8      | Found Ducvaor's Antique Armour Shop.
  7812 | D:8      | Noticed a two-headed ogre
  7830 | D:8      | Mangled by a two-headed ogre

Vault maps used:
D:1:      dpeg_arrival_pits, corexii_leaking_fountain, item_on_display_b
D:2:      old_standard_altar, lemuel_doored_altar, nicolae_tso_carved_into_rock,
          dk_yredelemnul_ordeal, uniq_natasha
D:4:      fiery_altar_vehumet, grunt_dithmenos_smoke, first_bread,
          uniq_eustachio
D:5:      hangedman_ru_absence, chequers_temple_overflow_minitemple,
          minmay_temple_entry_trees, minmay_strange_pillars, dk_noncrumbling_3,
          nrook_mini_vaults, grunt_decor_arrowhead,
          nemelex_xobeh_ov_fountains_minmay
D:6:      gammafunk_temple_overflow_elements, cheibriados_altar_1
D:7:      the_bakery, hangedman_abyss_or_decor_stagger, uniq_pikel
D:8:      lair_entry_dummy, serial_shops, shop, minmay_misc_feat_encased
Temple:   grunt_temple_mini_profane

Skill      XL: |  1  2  3  4  5  6  7  8  9 |
---------------+----------------------------+-----
Dodging        | 1 2 3 4 5 6 |  6.6
Shields        | 4 5 6 7 |  7.2
Fighting       | 4 5 6 |  6.5
Axes           | 3 4 5 |  5.4
Armour         | 4 5 6 |  6.4
Invocations    | 2 |  2.9

Action                   |  1- 3 |  4- 6 |  7- 9 || total
-------------------------+-------+-------+-------++-------
Melee: War axe           |    82 |   198 |   422 ||   702
Invok: Heroism           |       |       |     3 ||     3
  Use: Scroll            |     3 |     1 |       ||     4
       Potion            |       |     1 |     1 ||     2
  Eat: Chunk             |       |     5 |    14 ||    19
       Royal jelly       |       |       |     2 ||     2
Armor: Scale mail        |    34 |    74 |    80 ||   188
       Plate armour      |       |       |    56 ||    56
Dodge: Dodged            |    34 |    99 |   233 ||   366
Block: Shield            |    30 |       |       ||    30
       Buckler           |     8 |    88 |   134 ||   230
